AoeStats
← Chaves

Arena

504878721Analyzed
1v1 RM · 27d ago on Sep 6, 2026· 29m 32s· 2 players
Game mode
Random Map
Map size
Tiny (2 player)
Population
200
Speed
Normal
Resources
Standard
Victory
Conquest
Starting age
Dark Age
Ending age
Imperial Age
RankedLock teamsTeams togetherTeam positionsShared explorationLock speedFull tech treeHidden civsTurbo modeCheats
Victory
Defeat
🇧🇷 Japanese · Brazil
961
+16
🇧🇷 Burgundians · Brazil
965
-16
Chaves
10:35 Feudal Age
12:03 Double-Bit Axe
13:53 Town Watch
14:23 Loom
17:42 Castle Age
17:13 Gold Mining
17:08 Horse Collar
17:23 Gold Mining
20:45 Scale Mail Armor
20:58 Forging
23:40 Scale Mail Armor
Donotcry'
4:37 Double-Bit Axe
11:20 Feudal Age
15:49 Castle Age
13:41 Loom
15:15 Bow Saw
15:15 Horse Collar
24:45 Wheelbarrow
23:57 Town Watch
26:19 Cavalier
27:31 Scale Barding Armor
28:09 Cavalier
Connection lost

Rejoining the realm…

Still unreachable

The connection could not be restored.

Session expired

The server has moved on; the page needs a fresh start.